 Dungeon Crawl Stone Soup version 0.27-a0-1189-gb8eb6cee8e (webtiles) character file.

Game seed: 1349310409990905566

4976 Conn the Magician (level 10, -1/63 HPs)
             Began as an Octopode Fire Elementalist on May 23, 2021.
             Was a Believer of Sif Muna.
             Slain by a bullfrog (8 damage)
             ... on level 8 of the Dungeon.
             The game lasted 00:26:45 (11541 turns).

Conn the Magician (Octopode Fire Elementalist)     Turns: 11541, Time: 00:26:46

Health: -1/63      AC:  1    Str:  8    XL:     10   Next: 53%
Magic:  17/21      EV: 14    Int: 21    God:    Sif Muna [**....]
Gold:   401        SH:  0    Dex: 12    Spells: 13/24 levels left

rFire    . . .     SeeInvis .   b - +2 dagger (venom)
rCold    . . .     Faith    .   (no shield)
rNeg     + . .     Spirit   .   (helmet restricted)
rPois    .         Reflect  .   s - amulet of the acrobat
rElec    .         Harm     .   f - +4 ring of slaying
rCorr    .         Rampage  .   y - ring of positive energy
Will     .....                  (no ring)
Stlth    ++++......             (no ring)
HPRegen  0.20/turn              (no ring)
MPRegen  0.17/turn              (no ring)
                                (no ring)
                                (no ring)

@: no status effects
A: almost no armour, amphibious, 8 rings, camouflage 1, gelatinous body 1,
(nimble swimmer 1), tentacles
a: Renounce Religion, Channel Magic


You were on level 8 of the Dungeon.
You worshipped Sif Muna.
Sif Muna was pleased with you.
You visited 2 branches of the dungeon, and saw 9 of its levels.

You collected 401 gold pieces.

Inventory:

Hand Weapons
 b - a +2 dagger of venom (weapon)
Missiles
 c - 5 javelins
 m - 2 curare-tipped darts
 r - 4 throwing nets
Jewellery
 f - a +4 ring of slaying (left tentacle)
 s - an amulet of the acrobat (around mantle)
 y - a ring of positive energy (right tentacle)
Wands
 a - a wand of charming (11)
 j - a wand of iceblast (21)
 p - a wand of mindburst (18)
 B - a wand of flame (12)
 D - a wand of paralysis (8)
Scrolls
 d - 8 scrolls of identify {unknown}
 e - a scroll of enchant weapon {unknown}
 g - 2 scrolls of immolation {unknown}
 l - 2 scrolls of enchant armour {unknown}
 n - 2 scrolls of amnesia {unknown}
 o - 2 scrolls of fog {unknown}
 t - 2 scrolls of noise {unknown}
 A - a scroll of teleportation {unknown}
 C - a scroll of holy word {unknown}
Potions
 h - a potion of attraction
 q - 2 potions of invisibility {unknown}
 u - a potion of resistance
 w - a potion of flight {unknown}
 x - a potion of cancellation {unknown}


   Skills:
 + Level 3.3 Fighting
 + Level 2.2 Short Blades
 + Level 4.2 Dodging
 + Level 6.3 Stealth
 * Level 7.9 Spellcasting
 * Level 7.8 Conjurations
 + Level 0.1 Hexes
 * Level 7.8 Fire Magic
 + Level 0.1 Evocations


You had 13 spell levels left.
You knew the following spells:

 Your Spells              Type           Power      Damage    Failure   Level
a - Foxfire               Conj/Fire      100%       2x1d9     1%          1
b - Conjure Flame         Conj/Fire      41%        6-21      1%          3
c - Inner Flame           Hex/Fire       25%        N/A       4%          3
d - Sticky Flame          Conj/Fire      41%        2d6       3%          4

Your spell library contained the following spells:

 Spells                   Type           Power      Damage    Failure   Level
 Dazzling Flash           Conj/Hex       50%        N/A       4%          3
 Corona                   Hex            8%         N/A       8%          1
 Fireball                 Conj/Fire      20%        3d10      9%          5
 Iskenderun's Battlesphe  Conj           41%        2d9       9%          5
 Ensorcelled Hibernation  Hex/Ice        16%        N/A       12%         2
 Confusing Touch          Hex            8%         N/A       24%         3
 Tukima's Dance           Hex            8%         N/A       24%         3
 Bolt of Magma            Conj/Fire/Erth 15%        4d9       26%         5
 Iron Shot                Conj/Erth      12%        9d3       94%         6
 Orb of Destruction       Conj           20%        9d9       95%         7
 Spellforged Servitor     Conj/Summ      12%        N/A       100%        7


Dungeon Overview and Level Annotations

Branches:
Dungeon (8/15)             Temple (1/1) D:4
   Lair: D:8-11

Altars:
Dithmenos
Fedhas
Gozag
Hepliaklqana
Kikubaaqudgha
Makhleb
Nemelex Xobeh
Qazlal
Ru
Sif Muna
Trog
Wu Jian
Xom
Yredelemnul

Shops:
D:2 (   D:5 [


Innate Abilities, Weirdness & Mutations

You cannot wear most types of armour.
You are amphibious.
You can wear up to eight rings at the same time.
Your skin changes colour to match your surroundings (Stealth+).
Your rubbery body absorbs attacks. (AC +1, EV +1)
((You are camouflaged near water. (Stealth+)))
You have tentacles for arms and can constrict up to eight enemies at once.


Message History

The steam dragon barely misses you.
You hit the steam dragon.
The steam dragon looks as sick as possible!
The steam dragon is lightly wounded.
The steam dragon misses you. The steam dragon closely misses you.
You hit the steam dragon.
The steam dragon is moderately wounded.
The steam dragon misses you. The steam dragon claws you.
You hit the steam dragon.
The steam dragon looks as sick as possible!
The steam dragon is heavily wounded.
The steam dragon breathes steam at you. The ball of steam hits you!
You hear a croak.
You hit the steam dragon. Your squeeze misses the steam dragon.
The steam dragon is severely wounded.
You are engulfed in a cloud of scalding steam.
The steam dragon bites you! The steam dragon closely misses you.
The steam dragon bites you!
* * * LOW HITPOINT WARNING * * *
The steam dragon claws you.
* * * LOW HITPOINT WARNING * * *
Sif Muna accepts your kill.
You feel a bit more experienced.
A bullfrog comes into view.
You closely miss the bullfrog. Your grab misses the bullfrog.
You squeeze the bullfrog.
The bullfrog is moderately wounded.
The bullfrog barely misses you. The bullfrog hits you.
* * * LOW HITPOINT WARNING * * *
Casting: Foxfire (safe; 1% risk of failure)
Confirm with . or Enter, or press ? or * to list all spells.
Aiming: Sticky Flame (dangerous; 3% risk of failure)
Press: ? - help, Shift-Dir - straight line, f - bullfrog
Aim: a bullfrog (moderately wounded, 100% to hit)
The sticky flame hits the bullfrog!
The bullfrog is severely wounded.
The bullfrog is covered in liquid flames!
The bullfrog burns!
The bullfrog hits you!
You die...

... #.## .# ...# . #..##
...##..##.##.... . ..#.#
....#........... .###....#
................ .......#
................ #..<...
####........##..####.§.##
##........# #....##D.§..#..##
#.......).#####.F###........#
)).)............@....##....##
#)........####......## .###
##..................######
#..)..<.....##.....##...###
##...........##............##
............................#
......)........#.##.......###
...........#...##.#...)##.#
#...#......###........#####


You could see a bullfrog (burning).

Vanquished Creatures
  Harold (D:8)
  A deep elf pyromancer (D:7)
  Grinder (D:6)
  Menkaure (D:4)
  A steam dragon (D:8)
  An ice beast (D:6)
  2 black bears (D:6)
  6 orc warriors
  3 necrophages
  5 ogres (D:7)
  3 centaurs (D:6)
  2 kobold brigands (D:7)
  2 bullfrogs
  2 scorpions
  2 water moccasin zombies (D:5)
  A water moccasin skeleton (D:5)
  4 wights (D:8)
  A bullfrog zombie (D:7)
  2 centaur zombies
  4 hounds
  2 jellies (D:5)
  2 orc priests
  A centaur skeleton (D:7)
  2 gnoll shamans (D:7)
  A bullfrog skeleton (D:7)
  Terence (D:2)
  3 iguanas
  2 orc wizards
  A killer bee zombie (D:6)
  A howler monkey zombie (D:6)
  6 adders
  14 gnolls
  An ufetubus (D:7)
  2 worms
  3 dart slugs (D:3)
  20 orcs
  8 ball pythons
  5 endoplasms
  8 giant cockroaches
  10 goblins
  4 hobgoblins
  12 jackals
  8 quokkas
  11 bats
  2 frilled lizards
  4 kobolds
  6 rats
185 creatures vanquished.

Vanquished Creatures (collateral kills)
  2 foxfires (D:2)
2 creatures vanquished.

Vanquished Creatures (others)
  637 foxfires
  19 fungi
  17 plants
673 creatures vanquished.

Grand Total: 860 creatures vanquished

Notes
Turn   | Place    | Note
-------+----------+-------------------------------------------
     0 | D:1      | Conn the Octopode Fire Elementalist began the quest for the
                  | Orb.
     0 | D:1      | Reached XP level 1. HP: 11/11 MP: 3/3
   220 | D:1      | Reached XP level 2. HP: 2/17 MP: 0/5
  1035 | D:1      | Reached XP level 3. HP: 17/21 MP: 3/6
  2274 | D:2      | Found Gelirero's Weapon Shop.
  2576 | D:2      | Noticed Terence
  2591 | D:2      | Killed Terence
  2592 | D:2      | Reached XP level 4. HP: 27/27 MP: 8/8
  2771 | D:2      | Learned a level 3 spell: Conjure Flame
  2775 | D:2      | Learned a level 3 spell: Inner Flame
  2874 | D:3      | Noticed a scorpion
  2881 | D:3      | Killed a scorpion
  2882 | D:3      | Reached skill level 1 in Fighting
  2882 | D:3      | Reached XP level 5. HP: 22/33 MP: 5/9
  3682 | D:4      | Noticed Menkaure
  3859 | D:3      | Reached XP level 6. HP: 38/38 MP: 5/10
  3864 | D:3      | Learned a level 4 spell: Sticky Flame
  3953 | D:3      | Found a faded altar of an unknown god.
  4171 | D:4      | Noticed a necrophage
  4189 | D:4      | Killed a necrophage
  4414 | D:4      | Noticed a necrophage
  4433 | D:4      | Killed a necrophage
  4434 | D:4      | Reached XP level 7. HP: 43/43 MP: 2/13
  4479 | D:4      | Killed Menkaure
  4769 | D:4      | Found a staircase to the Ecumenical Temple.
  4775 | Temple   | Entered the Ecumenical Temple
  4821 | Temple   | Became a worshipper of Sif Muna the Loreminder
  5268 | D:4      | Found a shadowy altar of Dithmenos.
  5286 | D:4      | Found an ornate altar of the Wu Jian Council.
  5405 | D:5      | Entered Level 5 of the Dungeon
  5418 | D:5      | Reached skill level 5 in Fire Magic
  5734 | D:5      | Reached skill level 5 in Spellcasting
  5734 | D:5      | Reached XP level 8. HP: 45/50 MP: 15/15
  5906 | D:5      | Found a sacrificial altar of Ru.
  6049 | D:5      | Found Jenolochia's Armour Boutique.
  6231 | D:5      | Reached * piety under Sif Muna
  7958 | D:7      | Reached skill level 5 in Conjurations
  8227 | D:7      | Reached XP level 9. HP: 49/55 MP: 15/18
  8438 | D:7      | Reached skill level 5 in Stealth
  8488 | D:7      | Noticed a deep elf pyromancer
  8500 | D:7      | Killed a deep elf pyromancer
  8743 | D:6      | Reached skill level 1 in Short Blades
  8946 | D:6      | Noticed Grinder
  8968 | D:6      | Killed Grinder
  8968 | D:6      | Reached ** piety under Sif Muna
 10213 | D:7      | Reached XP level 10. HP: 63/63 MP: 3/20
 11011 | D:8      | Noticed Harold
 11028 | D:8      | Killed Harold
 11541 | D:8      | Slain by a bullfrog

Illustrated notes

Levels and vault maps discovered:
D:1:      dpeg_arrival_subterranean_lakeside_camping, layout_basic,
          minmay_distorted
D:2:      layout_basic, serial_shops, shop, hangedman_decor_clover_reticule,
          serial_bayou_lake_a, uniq_terence
D:3:      layout_rooms, shapermc_ecumenical_altar_mp_vishouse
D:4:      layout_rooms, jmf_multi_god_temple, minmay_temple_entry_ruins,
          serial_aquarium, aquarium_bridge_straight [aquarium_subvault_bridge,
          aquarium_subvault_window, aquarium_subvault_bridge,
          aquarium_subvault_balcony], aquarium_bridge_square
          [aquarium_subvault_bridge, aquarium_subvault_window,
          aquarium_subvault_bridge, aquarium_subvault_bridge],
          aquarium_window_corridor_3, aquarium_window_1, aquarium_view_2c,
          aquarium_view_2f, aquarium_balcony_5a, aquarium_pool_2, uniq_menkaure
D:5:      layout_loops_corners, nicolae_overflow_hidden_temple, serial_shops,
          nicolae_shop_stone
D:6:      layout_gridville, gup_sewer_entry_pipe, minivault_26,
          minmay_chambers_of_fives, uniq_grinder
D:7:      kennysheep_seaside_town, layout_basic
D:8:      layout_cave_pools, dpeg_oklobed_lair, minmay_misc_feat_room,
          kennysheep_path_1, uniq_harold, uniq_pikel
Temple:   regret_index_temple_mists

Skill      XL: |  1  2  3  4  5  6  7  8  9 10 |
---------------+-------------------------------+-----
Stealth        | 3 4 6 |  6.3
Spellcasting   | 3 4 5 6 7 |  7.9
Fighting       | 1 2 3 |  3.3
Fire Magic     | 4 5 6 7 |  7.8
Conjurations   | 2 3 5 6 7 |  7.8
Dodging        | 3 4 |  4.2
Short Blades   | 2 |  2.2
Hexes          | |  0.1
Evocations     | |  0.1

Action                   |  1- 3 |  4- 6 |  7- 9 | 10-12 || total
-------------------------+-------+-------+-------+-------++-------
Melee: Unarmed           |     4 |       |       |       ||     4
       Tentacles         |     5 |     3 |    17 |     3 ||    28
       Constrict         |     5 |     9 |    21 |     4 ||    39
       Dagger            |    14 |    28 |    93 |    25 ||   160
 Cast: Foxfire           |    85 |    69 |   165 |    43 ||   362
       Conjure Flame     |       |     2 |     3 |     2 ||     7
       Sticky Flame      |       |       |     7 |     7 ||    14
       Inner Flame       |       |       |     1 |       ||     1
Evoke: Wand              |       |       |     1 |     1 ||     2
  Use: Potion            |     1 |       |     7 |     5 ||    13
 Stab: Sleeping          |     2 |     5 |     5 |     1 ||    13
Armor: Skin              |     2 |     1 |     9 |     3 ||    15
Dodge: Dodged            |    30 |    10 |   130 |    23 ||   193

Table legend: (Time is in decaauts)
 A = Elapsed time spent in this place.
 B = Non-inter-level travel time spent in this place.
 C = Inter-level travel time spent in this place.
 D = Time resting spent in this place.
 E = Time spent auto-exploring this place.
 F = Levels seen in this place.
 G = Mean time per level.
                   A        B        C        D        E       F      G
               +--------+--------+--------+--------+--------+-----+--------+
         Total |  11552 |  11226 |    326 |   1427 |   7334 |   9 | 1283.6 |
       Dungeon |  11489 |  11179 |    310 |   1427 |   7298 |   8 | 1436.1 |
        Temple |     62 |     46 |     16 |      0 |     36 |   1 |   62.0 |
               +--------+--------+--------+--------+--------+-----+--------+

Top non-repeatable levels by time:
     D:7: 2742 daAuts
     D:1: 2026 daAuts
     D:4: 1534 daAuts
     D:5: 1345 daAuts
     D:6: 1212 daAuts
     D:3: 1097 daAuts
     D:2: 1004 daAuts
     D:8: 527 daAuts
  Temple: 62 daAuts
